 Dungeon Crawl Stone Soup version 0.31-a0-430-gf8416d752b (webtiles) character file.

Game seed: 6009220806357031077

5686 AdnanSaban the Basher (level 10, -3/65 HPs)
             Began as a Gargoyle Fighter on July 31, 2023.
             Was a High Priest of Okawaru.
             Killed from afar by an acid dragon (35 damage)
             ... with a splash of acid
             ... on level 9 of the Dungeon.
             The game lasted 00:10:31 (7614 turns).

AdnanSaban the Basher (Gargoyle Fighter)            Turns: 7614, Time: 00:10:31

Health: -3/65      AC: 18    Str: 24    XL:     10   Next: 75%
Magic:  10/10      EV:  7    Int:  9    God:    Okawaru [*****.]
Gold:   697        SH: 12    Dex:  9    Spells: 9/9 levels left

rFire   + . .        w - +1 flail (drain)
rCold   . . .        B - +2 buckler {AC+3}
rNeg    + . .        t - +0 plate armour
rPois   ∞            s - +0 helmet
rElec   +            N - +0 cloak
rCorr   .            (no gloves)
SInv    .            (no boots)
Will    .....        x - amulet of reflection Stlth
                     o - ring of flight
HPRegen 0.30/turn    D - ring of protection from fire
MPRegen 0.12/turn

%: reflection
@: corroded, flying
A: sickness immunity, AC +7, negative energy resistance 1, electricity
resistance, torment resistance 1, petrification resistance
a: Renounce Religion, Heroism, Finesse, Duel


You were on level 9 of the Dungeon.
You worshipped Okawaru.
Okawaru was extremely pleased with you.
You visited 1 branch of the dungeon, and saw 9 of its levels.

You collected 697 gold pieces.

Inventory:

Hand Weapons
 w - a +1 flail of draining (weapon)
 M - a +3 flail of freezing
Missiles
 a - a curare-tipped dart
 u - 3 javelins
 v - 8 poisoned darts (quivered)
 F - 3 boomerangs
Armour
 s - a +0 helmet (worn)
 t - a +0 plate armour (worn)
 B - a +2 buckler of protection (worn)
 N - a +0 cloak (worn)
Jewellery
 o - a ring of flight (left hand)
 x - an amulet of reflection (around neck)
 D - a ring of protection from fire (right hand)
 L - a +6 ring of intelligence
Wands
 E - a wand of digging (3)
 G - a wand of paralysis (18)
Scrolls
 f - 6 scrolls of teleportation {unknown}
 g - 3 scrolls of enchant armour {unknown}
 h - a scroll of immolation {unknown}
 k - a scroll of summoning {unknown}
 l - 2 scrolls of revelation {unknown}
 m - 2 scrolls of fear {unknown}
 n - 10 scrolls of identify {unknown}
 q - a scroll of fog {unknown}
 y - 2 scrolls of enchant weapon {unknown}
 C - a scroll of poison {unknown}
 I - 2 scrolls of blinking {unknown}
 J - a scroll of amnesia {unknown}
 K - a scroll of noise {unknown}
Potions
 b - a potion of brilliance {unknown}
 c - 3 potions of haste {unknown}
 d - 2 potions of might
 e - a potion of enlightenment {unknown}
 i - a potion of cancellation {unknown}
 j - 2 potions of invisibility {unknown}
 p - 3 potions of mutation {unknown}
 r - a potion of lignification {unknown}
 z - a potion of attraction {unknown}
 A - 2 potions of berserk rage {unknown}
 H - a potion of curing {unknown}


   Skills:
 * Level 8.9 Fighting
 + Level 10.0 Maces & Flails
 + Level 0.6 Throwing
 + Level 7.7 Armour
 + Level 2.5 Dodging
 + Level 0.8 Stealth
 + Level 7.9 Shields


You had 9 spell levels left.
You didn't know any spells.
Your spell library contained the following spells:

 Spells                   Type           Power      Damage    Failure   Level
 Apportation              Tloc           0%         N/A       99%         1
 Foxfire                  Conj/Fire      0%         2x1d4     99%         1
 Necrotise                Necr           0%         1d4       99%         1
 Sting                    Tmut/Pois      0%         1d3       99%         1
 Poisonous Vapours        Pois/Air       0%         N/A       100%        2
 Wereblood                Tmut           0%         N/A       100%        2
 Inner Flame              Hex/Fire       0%         N/A       100%        3
 Olgreb's Toxic Radiance  Pois           0%         N/A       100%        4
 Alistair's Intoxication  Tmut/Pois      0%         N/A       100%        5
 Borgnjor's Vile Clutch   Necr/Erth      0%         N/A       100%        5
 Yara's Violent Unravell  Hex/Tmut       0%         3d3       100%        5
 Eringya's Noxious Bog    Tmut/Pois      0%         4d6       100%        6
 Enfeeble                 Hex            0%         N/A       100%        7
 Summon Small Mammal      Summ           Unusable   N/A       N/A         1
 Sublimation of Blood     Necr           Unusable   N/A       N/A         2
 Summon Hydra             Summ           Unusable   N/A       N/A         7

Dungeon Overview and Level Annotations

Branches:
Dungeon (9/15)             Temple (0/1) D:4
   Lair: D:8-11         Orc: D:9-12

Altars:
Ashenzari
Dithmenos
Elyvilon
Okawaru
Trog
Vehumet
Wu Jian
The Shining One


Innate Abilities, Weirdness & Mutations

You are immune to sickness and miasma.
Your stone body is resilient. (AC +7)
You are immune to poison.
You resist negative energy. (rN+)
You are resistant to electric shocks. (rElec)
You are resistant to unholy torment.
You are immune to petrification.


Message History

You add the spells Inner Flame, Yara's Violent Unravelling and Enfeeble to your library.
A slime creature comes into view.
Found a ring mail.
The slime creature quivers.
A slime creature comes into view. x2
The slime creature quivers. x2
Two slime creatures merge to form a large slime creature.
You throw a poisoned dart.
The poisoned dart hits the large slime creature.
Two slime creatures merge to form a very large slime creature.
There is a stone staircase leading up here.
The very large slime creature hits you!!!
Ouch! That really hurt!
You hear a roar!
You fly upwards.
There is a stone staircase leading down here.
A very large slime creature splits.
The slime creature attacks as you move away!
The slime creature hits you but does no damage.
The slime creature attacks as you move away!
The slime creature hits you but does no damage.
The large slime creature attacks as you move away!
You block the large slime creature's attack.
Two slime creatures merge to form a very large slime creature.
There is a stone staircase leading down here.
You fly downwards.
There is a stone staircase leading up here.
You start resting.
An acid dragon comes into view.
The acid dragon spits acid at you. The splash of acid hits you!
The acid corrodes you!
You are too injured to fight recklessly!
You are too injured to fight recklessly!
The acid dragon spits acid at you.
The splash of acid hits you but does no damage.
The acid corrodes you! The acid dragon spits acid at you.
The splash of acid hits you!!
Ouch! That really hurt!
You die...

.#................≈~.~.~
.....##.#####.~~..~≈.~.~
.#.#.#............~≈.~.~
.~.#.##.#####.~~<....~.~
)).#.##.#.# #.#D.~~..~.~
)†.~.##.#.###.##.≈≈~.~.#
.≈.~.##.#.....##.~~~.~.#
<..~.~#.#..........~.#.#
.~.~.~~.########@#.~...#
.~.~.... ........#.#.#..
.~...~## ..........#.#.#
.~.~~## .###.##(### #
.~.≈## .[. #.. .~.##
...# ... .~.# ... #.!.
.#.# .. #.## .#.# #.#


You could see an acid dragon (catching breath).

Vanquished Creatures
  A two-headed ogre (D:9)
  Pikel (D:5)
  Grinder (D:2)
  Prince Ribbit (D:5)
  A hornet (D:7)
  Sigmund (D:5)
  A steam dragon (D:7)
  4 water moccasins
  2 black bears
  A sky beast (D:8)
  3 orc warriors
  2 ogres
  3 centaurs
  A lemure (D:5)
  A phantom (D:5)
  A kobold brigand (D:5)
  4 bullfrogs
  4 scorpions
  5 wights
  5 killer bees (D:7)
  An electric eel (D:9)
  10 howler monkeys
  5 hounds
  3 jellies
  3 orc priests
  An iguana (D:5)
  Natasha (thrice) (D:3)
  Jessica (D:3)
  10 orc wizards
  Robin (D:3)
  4 gnolls
  8 adders
  A shadow imp (D:6)
  An ufetubus (D:6)
  4 worms
  A dart slug (D:2)
  39 orcs
  6 ball pythons
  10 endoplasms
  3 giant cockroaches
  9 hobgoblins
  11 jackals
  13 kobolds
  4 quokkas
  8 bats
  6 frilled lizards
  14 goblins
  7 rats
230 creatures vanquished.

Vanquished Creatures (others)
  A kobold (D:6)
1 creature vanquished.

Grand Total: 231 creatures vanquished

Notes
Turn   | Place    | Note
-------+----------+-------------------------------------------
     0 | D:1      | AdnanSaban the Gargoyle Fighter began the quest for the
                  | Orb.
     0 | D:1      | Reached XP level 1. HP: 14/14 MP: 1/1
   149 | D:1      | Reached XP level 2. HP: 6/19 MP: 2/2
   480 | D:1      | Reached XP level 3. HP: 23/23 MP: 3/3
   806 | D:2      | Reached skill level 3 in Maces & Flails
   929 | D:2      | Reached XP level 4. HP: 26/28 MP: 4/4
  1042 | D:2      | Found a faded altar of an unknown god.
  1049 | D:2      | Got Plato's Information on Bolts
  1351 | D:3      | Noticed Grinder
  1381 | D:2      | Paralysed by Grinder for 2 turns
  1381 | D:2      | HP: 1/29 [Grinder/nerve-wracking pain (7)]
  1383 | D:2      | Killed Grinder
  1384 | D:2      | Reached skill level 4 in Maces & Flails
  1384 | D:2      | Reached skill level 1 in Dodging
  1384 | D:2      | Reached XP level 5. HP: 2/33 MP: 5/5
  1384 | D:2      | Reached XP level 6. HP: 2/38 MP: 6/6
  1557 | D:3      | Noticed Natasha
  1568 | D:3      | Killed Natasha
  1873 | D:3      | Noticed Jessica
  1877 | D:3      | Killed Jessica
  1943 | D:3      | Noticed Natasha
  1963 | D:3      | Killed Natasha
  1964 | D:3      | Reached skill level 5 in Maces & Flails
  2207 | D:3      | Noticed Natasha
  2214 | D:3      | Noticed Robin
  2216 | D:3      | Killed Natasha
  2374 | D:2      | Reached XP level 7. HP: 40/44 MP: 7/7
  2406 | D:3      | Killed Robin
  2768 | D:3      | Found an iron altar of Okawaru.
  2768 | D:3      | Found a shadowy altar of Dithmenos.
  2777 | D:3      | Became a worshipper of Warmaster Okawaru
  2898 | D:4      | Found a staircase to the Ecumenical Temple.
  3227 | D:4      | Reached skill level 6 in Maces & Flails
  3227 | D:4      | Reached skill level 5 in Armour
  3453 | D:4      | Reached * piety under Okawaru
  3494 | D:4      | Found a faded altar of an unknown god.
  3494 | D:4      | Found a glowing golden altar of the Shining One.
  3503 | D:4      | Found a faded altar of an unknown god.
  3505 | D:4      | Found a bloodstained altar of Trog.
  3507 | D:4      | Found a white marble altar of Elyvilon.
  3625 | D:5      | Entered Level 5 of the Dungeon
  3637 | D:5      | Reached skill level 5 in Fighting
  3737 | D:5      | Reached XP level 8. HP: 37/49 MP: 8/8
  3874 | D:5      | Noticed Pikel
  3915 | D:5      | Killed Pikel
  3915 | D:5      | Reached ** piety under Okawaru
  3916 | D:5      | Reached skill level 7 in Maces & Flails
  3981 | D:5      | Noticed Sigmund
  4004 | D:5      | Killed Sigmund
  4005 | D:5      | Reached skill level 5 in Shields
  4106 | D:5      | Reached XP level 9. HP: 52/55 MP: 9/9
  4177 | D:5      | Noticed Prince Ribbit
  4205 | D:5      | Killed Prince Ribbit
  4206 | D:5      | Reached skill level 8 in Maces & Flails
  4646 | D:5      | Reached *** piety under Okawaru
  4884 | D:6      | Found a broken altar of Ashenzari.
  4921 | D:6      | Found a radiant altar of Vehumet.
  5592 | D:7      | Noticed a hornet
  5597 | D:7      | Killed a hornet
  5703 | D:7      | Reached **** piety under Okawaru
  5864 | D:7      | Reached skill level 9 in Maces & Flails
  5922 | D:7      | Reached XP level 10. HP: 63/63 MP: 10/10
  6335 | D:7      | Found an ornate altar of the Wu Jian Council.
  7353 | D:9      | Noticed a two-headed ogre
  7368 | D:9      | Killed a two-headed ogre
  7406 | D:9      | Reached skill level 10 in Maces & Flails
  7411 | D:9      | Reached ***** piety under Okawaru
  7614 | D:9      | Killed from afar by an acid dragon

Illustrated notes

Levels and vault maps discovered:
D:1:      minmay_arrival_four_loops, layout_rooms
D:2:      layout_basic, shapermc_ecumenical_altar_rom_forum
D:3:      layout_loops_cross, minitemple, minmay_splitting_lines, uniq_jessica,
          uniq_grinder, uniq_natasha, uniq_robin
D:4:      layout_loops_ring, chequers_temple_overflow_minitemple,
          minmay_temple_entry_wispy
D:5:      layout_basic, uniq_sigmund, uniq_pikel, uniq_prince_ribbit1
D:6:      layout_cave_pools, jmf_multi_god_temple, grunt_ministairs_14,
          nicolae_concentric_dashed_squares_wild
D:7:      layout_loops_cross, mainiacjoe_overflow_alcove_4
D:8:      layout_basic, amethyst_killhole
D:9:      layout_basic, kennysheep_orc_monster_closet_entryway

Skill      XL: |  1  2  3  4  5  6  7  8  9 10 |
---------------+-------------------------------+-----
Maces & Flails | 3 4 5 6 7 9 10 | 10.0
Fighting       | 4 5 6 7 8 |  8.9
Armour         | 4 5 6 7 |  7.7
Dodging        | 1 2 |  2.5
Shields        | 4 5 6 7 |  7.9
Throwing       | |  0.6
Stealth        | |  0.8

Action                     |  1- 3 |  4- 6 |  7- 9 | 10-12 || total
---------------------------+-------+-------+-------+-------++-------
  Melee: Flail             |   139 |   178 |   389 |   176 ||   882
  Throw: Dart              |       |       |     3 |     7 ||    10
 Armour: Scale mail        |   106 |    24 |       |       ||   130
         Chain mail        |       |   141 |   203 |       ||   344
         Plate armour      |       |       |    37 |    98 ||   135
  Dodge: Dodged            |    93 |   114 |   145 |    35 ||   387
  Block: Buckler           |    38 |    54 |   195 |   101 ||   388
         Reflection        |       |       |    11 |    10 ||    21

Table legend: (Time is in decaauts)
 A = Elapsed time spent in this place.
 B = Non-inter-level travel time spent in this place.
 C = Inter-level travel time spent in this place.
 D = Time resting spent in this place.
 E = Time spent auto-exploring this place.
 F = Levels seen in this place.
 G = Mean time per level.
                   A        B        C        D        E       F      G
               +--------+--------+--------+--------+--------+-----+--------+
         Total |   7728 |   7363 |    365 |    407 |   5036 |   9 |  858.7 |
       Dungeon |   7728 |   7363 |    365 |    407 |   5036 |   9 |  858.7 |
               +--------+--------+--------+--------+--------+-----+--------+

Top non-repeatable levels by time:
     D:3: 1136 daAuts
     D:5: 1077 daAuts
     D:2: 1031 daAuts
     D:8: 961 daAuts
     D:6: 888 daAuts
     D:7: 826 daAuts
     D:4: 785 daAuts
     D:1: 776 daAuts
     D:9: 245 daAuts
